Map: Ruins of Seras

Players

Chileh - Winner!

  • Race: Terran Terran
  • League: Bronze

wabbajack

  • Race: Zerg Zerg
  • League: Gold

VOD

Have the link to the VOD?

Description

Time

  • Played on: July 22, 2015, 12:50 a.m.
  • Length: 20:10
Show
View Real Time Build Order
Export as new Build Order

Chileh Terran - Winner!

Build Orders:  

Get SALT Encoding   

  12  0:01  SCV  
  13  0:13  SCV  
  14  0:22  Supply Depot  
  14  0:25  SCV  
  15  0:36  Refinery  
  15  0:43  SCV  
  15  0:45  Barracks  
  16  0:55  SCV  
  17  1:07  SCV  
  17  1:09  Supply Depot  
  18  1:20  SCV  
  19  1:32  SCV  
  20  1:35  Reaper  
  21  1:44  Orbital Command  
  21  1:57  Factory  
  21  2:07  Marine  
  22  2:10  SCV  
  23  2:22  Command Center  
  23  2:25  Marine  
  23  2:26  SCV  
  25  2:36  Factory  
  25  2:38  SCV  
  25  2:42  Factory Tech Lab  
  25  2:47  Marine  
  25  2:50  SCV  
  27  3:02  Hellion  
  29  3:06  Marine  
  30  3:20  SCV  
  30  3:23  Bunker  
  30  3:24  Supply Depot  
  30  3:26  Factory Reactor  
  31  3:37  Hellion  
  31  3:39  SCV  
  34  3:42  Orbital Command  
  34  3:57  Supply Depot  
  34  4:01  Hellion  
  36  4:04  Hellion x2  
  36  4:05  SCV  
  32  4:15  SCV  
  29  4:21  Infernal Pre-Igniter  
  29  4:22  Hellion  
  31  4:25  SCV  
  31  4:27  SCV  
  31  4:29  Hellion x2  
  37  4:38  SCV  
  38  4:39  SCV  
  41  4:45  Hellion  
  41  4:50  SCV, Hellion  
  41  4:51  SCV  
  45  5:12  SCV x2  
  45  5:13  Hellion x3  
  51  5:24  SCV  
  50  5:33  SCV  
  50  5:34  Hellion  
  41  5:36  SCV  
  40  5:45  SCV  
  33  5:58  Orbital Command  
  33  6:06  SCV  
  34  6:18  SCV  
  34  6:19  Hellion x2  
  39  6:26  Siege Tank  
  39  6:27  Marine  
  43  6:40  Hellion x2  
  47  6:58  Hellion  
  47  7:00  SCV x2  
  49  7:02  Hellion  
  47  7:12  SCV x2  
  43  7:24  SCV  
  43  7:25  SCV  
  45  7:35  Refinery  
  45  7:36  SCV  
  46  7:40  SCV  
  46  7:42  Widow Mine x2  
  51  7:49  SCV  
  52  7:53  SCV  
  55  8:05  Refinery  
  55  8:08  Siege Tank  
  56  8:19  Refinery  
  56  8:36  SCV x2  
  58  8:48  SCV x2  
  60  8:49  Hellion  
  60  8:52  Hellion  
  60  9:00  SCV  
  59  9:23  Factory Tech Lab x2  
  58  9:27  SCV x2  
  60  9:39  SCV  
  61  10:00  Supply Depot x2  
  61  10:02  Supply Depot  
  61  10:03  Supply Depot  
  61  10:05  Supply Depot  
  61  10:07  SCV, Bunker  
  61  10:08  SCV, Siege Tank x2  
  61  10:11  Engineering Bay  
  69  10:19  SCV  
  70  10:22  SCV  
  71  10:31  SCV  
  71  10:34  SCV  
  73  10:39  Factory  
  73  10:44  Armory, SCV  
  73  10:46  SCV, Siege Tank x2  
  81  10:51  Missile Turret  
  81  10:54  Missile Turret  
  81  10:58  Missile Turret x2  
  81  11:00  SCV  
  81  11:01  SCV  
  83  11:08  Command Center  
  83  11:13  SCV x2  
  83  11:14  Factory  
  85  11:25  SCV  
  86  11:27  Factory Tech Lab  
  86  11:35  Terran Vehicle Weapons Level 1  
  86  11:50  Thor x2  
  98  11:54  Hellion  
  100  12:05  Command Center, Missile Turret  
  100  12:06  Factory Tech Lab  
  98  12:14  SCV x2  
  100  12:18  Supply Depot  
  100  12:26  SCV x2  
  100  12:37  Command Center  
  100  12:40  Siege Tank x2  
  100  12:41  Siege Tank  
  109  12:51  Planetary Fortress  
  109  13:00  Missile Turret  
  109  13:01  Missile Turret  
  109  13:09  Refinery  
  109  13:11  Refinery  
  109  13:35  Orbital Command  
  109  13:36  Supply Depot  
  109  13:40  Thor x2  
  121  13:42  Siege Tank  
  124  13:54  Missile Turret  
  124  13:57  SCV x3  
  124  13:59  Thor  
  133  14:07  Supply Depot  
  131  14:13  Command Center  
  131  14:22  SCV x4  
  135  14:24  Thor  
  135  14:30  Starport  
  141  14:33  Starport  
  141  14:40  Terran Vehicle And Ship Armor Level 1  
  141  14:45  Armory  
  141  14:49  Planetary Fortress  
  141  14:57  SCV x4  
  145  15:01  Thor  
  151  15:10  Starport Tech Lab  
  151  15:11  Refinery  
  151  15:12  Barracks Reactor  
  151  15:15  Refinery, Starport Reactor  
  151  15:23  Thor  
  157  15:31  Siege Tank  
  156  15:38  Missile Turret  
  156  15:40  Missile Turret  
  147  16:06  Siege Tank x2  
  147  16:08  Viking x3  
  147  16:11  Siege Tank  
  162  16:29  Thor  
  168  16:36  Terran Vehicle Weapons Level 2  
  168  16:38  Terran Vehicle And Ship Armor Level 2  
  168  17:11  Thor x2  
  168  17:15  Viking x2  
  184  17:18  Raven  
  184  17:20  SCV x4  
  185  17:33  Orbital Command  
  183  17:39  Refinery  
  183  17:40  Refinery  
  183  17:45  Missile Turret  
  183  17:48  Command Center  
  183  17:49  SCV  
  183  17:50  SCV x3  
  187  18:15  SCV x3  
  190  18:30  Sensor Tower  
  190  18:31  Sensor Tower  
  190  18:41  SCV x4  
  192  18:45  Command Center  
  192  18:50  Command Center  
  192  19:00  Thor  
Show
View Real Time Build Order
Export as new Build Order

wabbajack Zerg 

Build Orders: Pool First, Lurkers 

Get SALT Encoding   

  12  0:01  Drone  
  13  0:15  Overlord  
  13  0:19  Drone  
  14  0:25  Drone, Extractor  
  15  0:34  Drone  
  16  0:37  Drone  
  17  0:48  Spawning Pool  
  16  0:51  Drone  
  16  0:54  Extractor  
  16  1:02  Drone  
  17  1:19  Hatchery  
  17  1:25  Drone  
  17  1:26  Drone  
  18  1:39  Queen  
  20  1:46  Overlord  
  20  1:57  Zergling x4  
  22  2:18  Baneling Nest  
  22  2:19  Pneumatized Carapace  
  21  2:23  Zergling x2  
  21  2:25  Zergling x2  
  23  2:50  Queen  
  25  2:54  Overlord  
  25  2:56  Drone x5  
  25  2:57  Drone  
  31  3:04  Zergling x4  
  33  3:11  Baneling x2  
  33  3:12  Baneling x2  
  33  3:42  Metabolic Boost  
  33  3:46  Drone  
  33  3:47  Drone x7  
  41  3:58  Overlord  
  41  3:59  Overlord  
  39  4:16  Baneling x2  
  39  4:26  Baneling x2  
  39  4:35  Baneling  
  39  4:52  Roach Warren  
  38  4:54  Drone x2  
  38  4:55  Drone x3  
  38  4:59  Extractor  
  31  5:08  Zergling x2  
  31  5:09  Zergling x24  
  19  6:05  Drone x6  
  24  6:22  Spine Crawler  
  24  6:23  Spine Crawler  
  24  6:25  Spine Crawler  
  21  6:26  Spine Crawler  
  21  6:27  Drone x2, Spine Crawler  
  21  6:36  Drone x9  
  21  6:37  Drone  
  24  6:58  Roach x3  
  21  7:14  Roach  
  21  7:15  Roach x2  
  26  7:18  Drone  
  25  7:41  Drone  
  25  7:42  Drone x3  
  29  7:55  Drone x2  
  29  7:57  Drone  
  32  8:30  Drone  
  32  8:31  Drone x8  
  37  9:37  Drone x3  
  40  9:39  Drone x3  
  43  9:46  Lair  
  43  9:47  Queen  
  43  9:48  Overlord  
  45  9:56  Hatchery  
  43  10:07  Drone  
  43  10:08  Drone x5  
  43  10:12  Spore Crawler  
  48  10:32  Drone x3  
  48  10:34  Evolution Chamber x2  
  49  10:35  Drone  
  49  10:37  Drone  
  49  10:38  Drone  
  49  10:39  Extractor x2  
  50  10:48  Zergling x2  
  50  10:49  Zergling x2  
  54  10:50  Roach x3  
  58  10:59  Drone x2  
  58  11:03  Overlord x4  
  60  11:20  Zerg Ground Armor Level 1  
  60  11:21  Zerg Missile Weapons Level 1  
  60  11:28  Infestation Pit  
  60  11:30  Hydralisk Den  
  60  11:32  Overseer  
  58  11:33  Drone x4  
  58  11:34  Drone x2  
  58  11:35  Overlord  
  64  11:44  Glial Reconstitution  
  64  11:48  Roach  
  64  11:49  Roach x10  
  86  11:54  Spore Crawler  
  84  12:19  Lurker Den  
  83  12:35  Overlord x2  
  83  12:38  Hatchery  
  82  12:45  Hydralisk x4  
  82  12:46  Hydralisk x2  
  94  12:54  Hive  
  94  13:13  Queen  
  96  13:20  Zerg Missile Weapons Level 2  
  96  13:21  Zerg Ground Armor Level 2  
  96  13:25  Drone x4  
  96  13:26  Drone x2  
  102  13:46  Muscular Augments  
  102  13:51  Burrow  
  102  13:55  Queen, Extractor x2  
  102  13:57  Overlord x2  
  101  14:19  Spine Crawler  
  101  14:20  Spine Crawler  
  101  14:21  Spore Crawler  
  101  14:22  Drone x4  
  101  14:23  Drone x3  
  105  14:24  Drone  
  105  14:27  Drone x2  
  105  14:28  Drone x3  
  105  14:29  Drone  
  105  14:30  Drone  
  113  14:32  Drone  
  114  14:44  Tunneling Claws  
  114  14:47  Lurker  
  114  14:48  Lurker x3  
  114  14:50  Lurker x2  
  114  14:52  Hydralisk  
  122  15:02  Overlord x2  
  122  15:08  Viper  
  72  16:06  Viper x2  
  72  16:07  Viper  
  81  16:11  Spire  
  81  16:13  Hatchery  
  79  16:24  Zerg Missile Weapons Level 3  
  79  16:28  Roach  
  79  16:29  Roach x13  
  106  16:50  Zerg Melee Weapons Level 1  
  106  16:52  Adrenal Glands  
  106  17:18  Hatchery  
  105  17:28  Greater Spire  
  105  17:39  Extractor  
  105  17:42  Extractor  
  105  17:43  Hatchery  
  103  18:05  Drone x2  
  103  18:06  Drone, Extractor  
  103  18:07  Drone  
  103  18:08  Drone x2, Extractor  
  103  18:10  Corruptor x6  
  103  18:11  Corruptor  
  118  18:27  Zergling x16  
  118  18:28  Zergling x12  
  118  18:29  Overlord x2  
  131  18:40  Overseer  
  133  19:15  Brood Lord x7  
  145  19:28  Overlord x2  
  145  19:30  Hydralisk x4  
  155  19:33  Roach x8  
  155  19:34  Roach x3  
Tags
 
Add a new tag
Caveats
  • Supply blocks, unpowered buildings, or Contaminate may cause inaccurate times.
  • Supply counts are checked every 10 seconds.